 Dungeon Crawl Stone Soup version 0.31-a0-632-g766dd24fdf (webtiles) character file.

Game seed: 17631277765606891898

124 Joey1 the Changeling (level 4, 0/41 HPs)
             Began as a Troll Shapeshifter on Aug 25, 2023.
             Slain by a goblin
             ... wielding a +0 dagger
             ... led by Robin
              (3 damage)
             ... on level 2 of the Dungeon.
             The game lasted 00:04:03 (1071 turns).

Joey1 the Changeling (Troll Shapeshifter)           Turns: 1071, Time: 00:04:03

Health: 0/41       AC:  4    Str: 25    XL:     4   Next: 81%
Magic:  3/3        EV: 10    Int:  4    God:
Gold:   54         SH:  0    Dex: 10    Spells: 3/3 levels left

rFire   . .          .
                       - Unarmed
rCold   . . .        (no shield)
rNeg    . . .        a - +0 animal skin
rPois   .            (helmet currently unavailable)
rElec   .            (cloak currently unavailable)
rCorr   .            (gloves unavailable)
SInv    .            (boots unavailable)
Will    .....        (no amulet)
Stlth   +            (no ring)
HPRegen 1.06/turn    (no ring)
MPRegen 0.08/turn

%: no passive effects
@: beast-form
A: beast (slay +2), large, unfitting armour, claws 3, regeneration 1, shaggy fur
1, tough skin 1
a: Begin Untransformation


You were on level 2 of the Dungeon.
You were a hulking beast.
You visited 1 branch of the dungeon, and saw 2 of its levels.

You collected 54 gold pieces.

Inventory:

Armour
 a - a +0 animal skin (worn)
Talismans
 c - a beast talisman (active)
 d - a flux talisman
Scrolls
 e - 2 scrolls of teleportation {unknown}
 f - a scroll of fog {unknown}
 i - a scroll of fear {unknown}
 j - a scroll of noise {unknown}
Potions
 b - a potion of lignification
 g - a potion of enlightenment {unknown}
 h - a potion of heal wounds {unknown}


   Skills:
 - Level 1.0 Fighting
 - Level 2.0 Dodging
 - Level 4.0 Unarmed Combat
 + Level 4.4 Shapeshifting


You had 3 spell levels left.
You didn't know any spells.
Your spell library contained the following spells:

 Spells                   Type           Power      Damage    Failure   Level
 Freeze                   Ice            0%         1d3       50%         1
 Frozen Ramparts          Ice            0%         1d1       86%         3
 Hailstorm                Conj/Ice       0%         3d3       86%         3


Dungeon Overview and Level Annotations

Branches:
Dungeon (2/15)

Altars:

Annotations:
D:2 Robin


Innate Abilities, Weirdness & Mutations

You are a hulking beast.
Your limbs bulge with bestial killing power. (Slay +2)
You are too large for most types of armour.
You have claws for hands.
Your natural rate of healing is unusually fast.
You are covered in fur. (AC +1)
You have tough skin. (AC +1)


Message History

Robin of the Strong Arm comes into view.
They are wielding a +0 club.
The goblin shouts!
Robin roars a battlecry!
The goblins go into a battle-frenzy!
The goblin completely misses you.
You closely miss the goblin. The goblin closely misses you.
The goblin hits you with a +0 club. x2; The goblin hits you with a +0 dagger.
The hobgoblin hits you but does no damage.
The goblin shouts!
You claw the goblin!
You kill the goblin!
Robin throws the goblin at you! The goblin hits you with a +0 club. x2
The hobgoblin hits you. The goblin closely misses you.
You are too injured to fight recklessly!
Unknown command.
Unknown command.
You are too injured to fight recklessly!
Unknown command.
You are too injured to fight recklessly!
Unknown command.
You are too injured to fight recklessly!
You are too injured to fight recklessly!
You claw the goblin!
You kill the goblin!
The goblin hits you with a +0 club. x2
* * * LOW HITPOINT WARNING * * *
The goblin completely misses you. The hobgoblin hits you.
* * * LOW HITPOINT WARNING * * *
The goblin hits you but does no damage.
You claw the goblin!
You kill the goblin!
The goblin closely misses you. The goblin barely misses you.
The goblin closely misses you. Robin throws the goblin at you!
The hobgoblin hits you but does no damage.
The goblin hits you but does no damage.
You barely miss the goblin. The goblin barely misses you. x2
The goblin hits you with a +0 club.
* * * LOW HITPOINT WARNING * * *
The goblin hits you with a +0 dagger.
You die...

#.....# ##...........#
#..
###########...........#
#.. #...............#
#.. #..............##
#.. ####...............#
#..
...................###..
..........#####.....##..
......gg..# #.....##..
......ghg.# #.....##..
......ggg.# #.....#
......g...# #.....#
..........# ##...##
..........# #...#
..........# #####
..........# ..........#


You could see Robin, a hobgoblin (strong) and 6 goblins.

Vanquished Creatures
  A scorpion (D:2)
  An adder (D:2)
  4 worms (D:2)
  2 dart slugs (D:1)
  5 bats
  An endoplasm (D:1)
  A giant cockroach (D:1)
  8 goblins
  2 hobgoblins (D:1)
  4 jackals (D:1)
  3 quokkas
  2 ball pythons (D:1)
  A frilled lizard (D:1)
  3 kobolds (D:1)
  A rat (D:1)
39 creatures vanquished.

Notes
Turn   | Place    | Note
-------+----------+-------------------------------------------
     0 | D:1      | Joey1 the Troll Shapeshifter began the quest for the Orb.
     0 | D:1      | Reached XP level 1. HP: 18/18 MP: 0/0
    56 | D:1      | Reached skill level 1 in Fighting
    79 | D:1      | Reached XP level 2. HP: 26/27 MP: 1/1
   402 | D:1      | Reached XP level 3. HP: 33/33 MP: 2/2
   936 | D:2      | Noticed a scorpion
   940 | D:2      | Upgraded the game from 0.31-a0-631-g285b096dc4 to
                  | 0.31-a0-632-g766dd24fdf
   944 | D:2      | Killed a scorpion
   945 | D:2      | Reached XP level 4. HP: 41/41 MP: 3/3
  1064 | D:2      | Noticed Robin
  1071 | D:2      | Slain by a goblin

Illustrated notes

Levels and vault maps discovered:
D:1:      beargit_arrival_greenhouse, layout_basic
D:2:      layout_basic, uniq_robin

Skill      XL: |  1  2  3 |
---------------+----------+-----
Fighting       | 1 |  1.0
Dodging        | 2 |  2.0
Unarmed Combat | 4 |  4.0
Shapeshifting  | 4 |  4.4

Action                     |  1- 3 |  4- 6 || total
---------------------------+-------+-------++-------
  Melee: Unarmed           |    81 |    21 ||   102
   Stab: Sleeping          |     1 |       ||     1
 Armour: Animal skin       |    34 |    11 ||    45
  Dodge: Dodged            |    46 |    18 ||    64

Table legend: (Time is in decaauts)
 A = Elapsed time spent in this place.
 B = Non-inter-level travel time spent in this place.
 C = Inter-level travel time spent in this place.
 D = Time resting spent in this place.
 E = Time spent auto-exploring this place.
 F = Levels seen in this place.
 G = Mean time per level.
                   A        B        C        D        E       F      G
               +--------+--------+--------+--------+--------+-----+--------+
         Total |   1065 |    970 |     95 |      0 |    761 |   2 |  532.5 |
       Dungeon |   1065 |    970 |     95 |      0 |    761 |   2 |  532.5 |
               +--------+--------+--------+--------+--------+-----+--------+

Top non-repeatable levels by time:
     D:1: 843 daAuts
     D:2: 222 daAuts
